 Dungeon Crawl Stone Soup version 0.26-a0-597-gb535b0901c (webtiles) character file.

Game seed: 6478103361389290501

98 ANON1729 the Sneak (level 4, -6/37 HPs)
             Began as a Demonspawn Delver on Aug 25, 2020.
             Killed by divine providence
             ... invoked by an orc priest
              (10 damage)
             ... on level 3 of the Dungeon.
             The game lasted 00:10:06 (2902 turns).

ANON1729 the Sneak (Demonspawn Delver)              Turns: 2902, Time: 00:10:07

Health: -6/37      AC:  3    Str: 13    XL:     4   Next: 43%
Magic:  0/4        EV: 13    Int: 11    God:
Gold:   140        SH:  0    Dex: 15    Spells: 3/3 levels left

rFire    . . .     SeeInvis .   e - +0 trident
rCold    . . .     Faith    .   (no shield)
rNeg     . . .     Spirit   +   b - +0 leather armour
rPois    .         Reflect  .   (no helmet)
rElec    .         Harm     .   (no cloak)
rCorr    .                      (no gloves)
MR       .....                  (no boots)
Stlth    +++.......             a - amulet of magic regeneration
HPRegen  0.12/turn              (no ring)
MPRegen  0.34/turn              (no ring)

@: no status effects
A: claws 1, magic shield, sturdy frame 1
a: no special abilities


You were on level 3 of the Dungeon.
You visited 2 branches of the dungeon, and saw 6 of its levels.

You collected 140 gold pieces.

Inventory:

Hand Weapons
 e - a +0 trident (weapon)
Armour
 b - a +0 leather armour (worn)
Jewellery
 a - an amulet of magic regeneration (around neck)
Wands
 g - a wand of digging (1)
Scrolls
 c - 3 scrolls of fog
 d - a scroll of magic mapping
 j - a scroll of remove curse
 k - a scroll of enchant weapon {unknown}
 l - a scroll of enchant armour {unknown}
 n - a scroll of amnesia {unknown}


   Skills:
 + Level 3.6 Fighting
   Level 2.2 Long Blades
 + Level 0.9 Armour
 + Level 2.6 Dodging
 - Level 4.8 Stealth
 + Level 1.1 Unarmed Combat


You had 3 spell levels left.
You didn't know any spells.
Your spell library was empty.

Dungeon Overview and Level Annotations

Branches:
Dungeon (6/15)             Temple (1/1) D:4

Altars:
Ashenzari
Cheibriados
Elyvilon
Gozag
Hepliaklqana
Makhleb
Nemelex Xobeh
Ru
Sif Muna
Trog
Uskayaw
Vehumet
Xom
Yredelemnul
Zin

Annotations:
D:5 exclusions: iguana and worker ant


Innate Abilities, Weirdness & Mutations

You have sharp fingernails.
When hurt, damage is shared between your health and your magic reserves.
Your movements are slightly less encumbered by armour. (ER -2)


Message History

You hear a shout!
The orc throws a boomerang.
The boomerang closely misses you.
The weapon returns to the orc!
The orc priest looks satisfied for a moment.
The orc throws a boomerang.
The boomerang misses you.
The weapon returns to the orc!
Okay, then.
The worm bites you.
* * * LOW HITPOINT WARNING * * *
Evoke which item? (* to show all) (? for menu, Esc to quit)
Okay, then.
Evoke which item? (* to show all) (? for menu, Esc to quit)
Press: ? - help, Shift-Dir - straight line, p - orc A rock wall.
The rock shatters into small pieces.
The orc closely misses you.
The orc throws a boomerang.
The boomerang closely misses you.
The weapon returns to the orc!
The orc priest mumbles some strange prayers to Beogh against you.
Beogh smites you!
You die...

#.##...####........≈
###.....##....##...≈
###.......#.##.##...♣
#....._.....##.##...≈
#.#.......####......♣ ########
#.##.....## #......#≈ ##... ..#
#..#..).## #.####.#≈ ##.####.#
##..##.### #.# #...≈ .w...##.#
##.o@..#.####.# #..#≈
##.#.##.#####.[##........)###..##
##.#......##o#.#####...........#.
##..>....o...#.#####.#.######..#.
#######.#o##.#..........# #..#. #
#.#.##.########...# #.... #
#.#..#.# #...# ####. #.....o#
#...# ###. #.##.#.#
######...######...


You could see an orc priest and 2 orcs.

Vanquished Creatures
  A worker ant (D:5)
  A worker ant zombie (D:6)
  3 adders (D:3)
  An adder skeleton (D:4)
  A dart slug (D:3)
  2 leopard geckos
  6 orcs
  A giant cockroach (D:4)
  A goblin (D:3)
  2 hobgoblins (D:3)
  A jackal (D:3)
  2 quokkas
  A frilled lizard (D:3)
  A kobold (D:3)
  A rat (D:3)
25 creatures vanquished.

Vanquished Creatures (others)
  23 plants (D:3)
23 creatures vanquished.

Grand Total: 48 creatures vanquished

Notes
Turn   | Place    | Note
-------+----------+-------------------------------------------
     0 | D:5      | ANON1729 the Demonspawn Delver began the quest for the Orb.
     0 | D:5      | Reached XP level 1. HP: 18/18 MP: 1/1
    50 | D:5      | Noticed an iguana
   440 | D:5      | Noticed a worker ant
   491 | D:5      | Noticed a worker ant
   494 | D:5      | Killed a worker ant
   494 | D:5      | Gained mutation: You have sharp fingernails. [demonic
                  | ancestry]
   494 | D:5      | Reached XP level 2. HP: 16/24 MP: 2/2
   813 | D:6      | Gained mutation: Your movements are slightly less
                  | encumbered by armour. (ER -2) [demonic ancestry]
   813 | D:6      | Reached XP level 3. HP: 19/29 MP: 3/3
  1296 | D:4      | Found a staircase to the Ecumenical Temple.
  1302 | Temple   | Entered the Ecumenical Temple
  1935 | D:4      | Noticed an ogre
  2100 | D:3      | Found a basalt altar of Yredelemnul.
  2371 | D:3      | Gained mutation: When hurt, damage is shared between your
                  | health and your magic reserves. [demonic ancestry]
  2371 | D:3      | Reached XP level 4. HP: 21/35 MP: 4/4
  2630 | D:3      | Reached skill level 1 in Unarmed Combat
  2799 | D:2      | Found a sparkling altar of Nemelex Xobeh.
  2902 | D:3      | Killed from afar by an orc priest

Illustrated notes

Levels and vault maps discovered:
D:2:      layout_loops_cross, nemelex_xobeh_ov_fountains_minmay
D:3:      layout_loops_cross, lemuel_round_altar, serial_bayou_lake_a
D:4:      layout_loops_ring, minmay_temple_entry_hall,
          nemelex_spade_bored_becter
D:5:      wad_river_or_something, layout_loops_ring
D:6:      layout_loops_ring, kennysheep_generic_room_11
Temple:   oiseaux_autumnal_temple

Skill      XL: |  1  2  3  4 |
---------------+-------------+-----
Long Blades    | 2 |  2.2
Dodging        | 2 |  2.6
Unarmed Combat | 1 |  1.1
Fighting       | |  3.6
Armour         | |  0.9
Stealth        | |  4.8

Action                   |  1- 3 |  4- 6 || total
-------------------------+-------+-------++-------
Melee: Falchion          |     7 |       ||     7
       Unarmed           |    75 |    55 ||   130
       Trident           |       |     4 ||     4
Evoke: Wand              |       |     2 ||     2
  Use: Potion            |     4 |     3 ||     7
       Scroll            |     1 |     1 ||     2
 Stab: Sleeping          |     3 |       ||     3
Armor: Leather armour    |     5 |    12 ||    17
       Skin              |     3 |    24 ||    27
Dodge: Dodged            |    47 |    54 ||   101
       Rpst.: Falchion   |     1 |       ||     1

Table legend: (Time is in decaauts)
 A = Elapsed time spent in this place.
 B = Non-inter-level travel time spent in this place.
 C = Inter-level travel time spent in this place.
 D = Time resting spent in this place.
 E = Time spent auto-exploring this place.
 F = Levels seen in this place.
 G = Mean time per level.
                   A        B        C        D        E       F      G
               +--------+--------+--------+--------+--------+-----+--------+
         Total |   2921 |   2861 |     60 |   1261 |   1069 |   6 |  486.8 |
       Dungeon |   2640 |   2599 |     41 |   1261 |    848 |   5 |  528.0 |
        Temple |    281 |    262 |     19 |      0 |    220 |   1 |  281.0 |
               +--------+--------+--------+--------+--------+-----+--------+

Top non-repeatable levels by time:
     D:3: 958 daAuts
     D:5: 802 daAuts
     D:6: 469 daAuts
     D:4: 394 daAuts
  Temple: 281 daAuts
     D:2: 14 daAuts
